MLB
NEW YORK METS @ NEW YORK YANKEES
07/07/2020
 
TOP OF THE 1ST
New York Mets batting - Pitching for New York Yankees : RHP Gerrit Cole
Pitching: RHP Gerrit Cole
Batting: RHB Amed Rosario 0-0: Called Strike
0-1: Ball
1-1: Bunt for hit to 2R - play at first, batter safe!
Batting: LHB Brandon Nimmo 0-0: Called Strike
Amed Rosario steals 2nd base
0-1: Ball
1-1: Foul Ball, location: 2F
1-2: Ball
2-2: Strikes out swinging
Batting: LHB Michael Conforto 0-0: Fly out, F8 (Line Drive, 8RD, EV 88.1 MPH)
Batting: RHB Pete Alonso 0-0: Called Strike
0-1: Ball
1-1: Ball
2-1: Called Strike
2-2: Strikes out swinging
Top of the 1st over - 0 runs, 1 hit, 0 errors, 1 left on base; New York 0 - New York 0
BOTTOM OF THE 1ST
New York Yankees batting - Pitching for New York Mets : RHP Marcus Stroman
Pitching: RHP Marcus Stroman
Batting: RHB Aaron Judge 0-0: Called Strike
0-1: Ball
1-1: Ball
2-1: Ball
3-1: Base on Balls
Batting: RHB DJ LeMahieu 0-0: Ground out 4-3 (Groundball, 34, EV 98.8 MPH)
Aaron Judge to second
Batting: RHB Gleyber Torres 0-0: Ball
1-0: Swinging Strike
1-1: Foul Ball, location: 2F
1-2: SINGLE (Line Drive, 8LS, EV 95.0 MPH)
Aaron Judge to third
Runner from 3rd tries for Home, SAFE, throw by CF to home
Batting: RHB Giancarlo Stanton 0-0: Called Strike
0-1: Ball
1-1: Foul Ball, location: 2F
1-2: Ball
2-2: Ball
Wild Pitch!
Gleyber Torres to second
3-2: Base on Balls
Batting: RHB Luke Voit 0-0: Foul Ball, location: 2F
0-1: Grounds into double play, 6-4-3 (Groundball, 56, EV 80.6 MPH)
Bottom of the 1st over - 1 run, 1 hit, 0 errors, 1 left on base; New York 0 - New York 1
TOP OF THE 2ND
New York Mets batting - Pitching for New York Yankees : RHP Gerrit Cole
Batting: LHB Jeff McNeil 0-0: Called Strike
0-1: Ball
1-1: Ball
2-1: Swinging Strike
2-2: Ball
3-2: Strikes out swinging
Batting: RHB Wilson Ramos 0-0: Ball
1-0: Ball
2-0: Ball
3-0: Called Strike
3-1: Called Strike
3-2: Foul Ball, location: 2F
3-2: SINGLE (Flyball, 56D, EV 83.8 MPH) - OUT at second base trying to stretch hit.
Batting: LHB Robinson Cano 0-0: Foul Ball, location: 2F
0-1: Ball
1-1: Foul Ball, location: 2F
1-2: Ball
2-2: Foul Ball, location: 2F
2-2: Strikes out swinging, 2-3 out at first.
Top of the 2nd over - 0 runs, 1 hit, 0 errors, 0 left on base; New York 0 - New York 1
BOTTOM OF THE 2ND
New York Yankees batting - Pitching for New York Mets : RHP Marcus Stroman
Batting: RHB Gary Sanchez 0-0: Called Strike
0-1: Called Strike
0-2: Foul Ball, location: 2F
0-2: Ball
1-2: Ball
2-2: Foul Ball, location: 2F
2-2: Ball
3-2: Fly out, F9 (Flyball, 89D, EV 88.1 MPH)
Batting: LHB Mike Tauchman 0-0: Ball
1-0: Ball
2-0: Foul Ball, location: 2F
2-1: Foul Ball, location: 2F
2-2: Ball
3-2: SINGLE (Groundball, 3D, EV 96.9 MPH)
Batting: RHB Gio Urshela 0-0: Ball
1-0: Foul Ball, location: 2F
1-1: Ball
2-1: Fly out, F6 (Popup, 6, EV 63.8 MPH)
Batting: SHB Aaron Hicks 0-0: Ball
1-0: Swinging Strike
1-1: Called Strike
1-2: Ball
2-2: Foul Ball, location: 2F
2-2: Ball
3-2: Base on Balls
Mike Tauchman to second
Batting: RHB Aaron Judge 0-0: Called Strike
0-1: SINGLE (Line Drive, 8LS, EV 103.1 MPH)
Mike Tauchman to third
Aaron Hicks to second
Runner from 3rd tries for Home, SAFE, throw by CF to home
Batting: RHB DJ LeMahieu 0-0: Called Strike
0-1: Foul Ball, location: 2F
0-2: Fly out, F9 (Flyball, 9S, EV 78.8 MPH)
Bottom of the 2nd over - 1 run, 2 hits, 0 errors, 2 left on base; New York 0 - New York 2
TOP OF THE 3RD
New York Mets batting - Pitching for New York Yankees : RHP Gerrit Cole
Batting: RHB Jake Marisnick 0-0: Ball
1-0: Called Strike
1-1: Bunt - Flyout to 13! F1
Batting: LHB Luis Guillorme 0-0: Ball
1-0: SINGLE (Flyball, 8LS, EV 91.3 MPH)
Batting: RHB Amed Rosario 0-0: Called Strike
0-1: Ball
1-1: SINGLE (Groundball, 6MD, EV 107.5 MPH)
Luis Guillorme to second
Batting: LHB Brandon Nimmo 0-0: Called Strike
0-1: Foul Ball, location: 2F
0-2: Ball
1-2: Ball
2-2: Foul Ball, location: 2F
2-2: Foul Ball, location: 2F
2-2: Fly out, F4 (Line Drive, 4, EV 69.4 MPH)
Batting: LHB Michael Conforto 0-0: Called Strike
0-1: Fly out, F7 (Flyball, 7, EV 72.5 MPH)
Top of the 3rd over - 0 runs, 2 hits, 0 errors, 2 left on base; New York 0 - New York 2
BOTTOM OF THE 3RD
New York Yankees batting - Pitching for New York Mets : RHP Marcus Stroman
Batting: RHB Gleyber Torres 0-0: Foul Ball, location: 2F
0-1: Ball
1-1: Ball
2-1: Foul Ball, location: 2F
2-2: SINGLE (Groundball, 6MD, EV 100.6 MPH)
Batting: RHB Giancarlo Stanton 0-0: Called Strike
0-1: Ball
1-1: Ball
2-1: Ball
3-1: Foul Ball, location: 2F
3-2: Grounds into double play, 6-4-3 (Groundball, 6, EV 76.9 MPH)
Batting: RHB Luke Voit 0-0: Called Strike
0-1: Ball
1-1: Fly out, F4 (Popup, 34, EV 66.3 MPH)
Bottom of the 3rd over - 0 runs, 1 hit, 0 errors, 0 left on base; New York 0 - New York 2
TOP OF THE 4TH
New York Mets batting - Pitching for New York Yankees : RHP Gerrit Cole
Batting: RHB Pete Alonso 0-0: Ball
1-0: SINGLE (Flyball, 89S, EV 88.1 MPH)
Batting: LHB Jeff McNeil 0-0: Called Strike
0-1: Ball
Pickoff Throw by Catcher to First - Out!
1-1: Ball
2-1: Foul Ball, location: 2F
2-2: Ball
3-2: Strikes out swinging
Batting: RHB Wilson Ramos 0-0: Called Strike
0-1: Ball
1-1: Ground out 6-3 (Groundball, 6, EV 98.1 MPH)
Top of the 4th over - 0 runs, 1 hit, 0 errors, 0 left on base; New York 0 - New York 2
BOTTOM OF THE 4TH
New York Yankees batting - Pitching for New York Mets : RHP Marcus Stroman
Batting: RHB Gary Sanchez 0-0: Hit by Pitch
Batting: LHB Mike Tauchman 0-0: Ball
Gary Sanchez is caught stealing 2nd base 2-6
1-0: Swinging Strike
1-1: Swinging Strike
1-2: Foul Ball, location: 2F
1-2: Ground out 6-3 (Groundball, 6, EV 88.8 MPH)
Batting: RHB Gio Urshela 0-0: Ball
1-0: Foul Ball, location: 2F
1-1: Fly out, F9 (Line Drive, 9, EV 95.6 MPH)
Bottom of the 4th over - 0 runs, 0 hits, 0 errors, 0 left on base; New York 0 - New York 2
TOP OF THE 5TH
New York Mets batting - Pitching for New York Yankees : RHP Gerrit Cole
Batting: LHB Robinson Cano 0-0: Foul Ball, location: 2F
0-1: Foul Ball, location: 2F
0-2: Ball
1-2: SINGLE (Line Drive, 56D, EV 99.4 MPH)
Batting: RHB Jake Marisnick 0-0: Ball
1-0: Ball
2-0: Called Strike
2-1: Ball
3-1: Base on Balls
Robinson Cano to second
Batting: LHB Luis Guillorme 0-0: Ball
1-0: Fielders Choice at 2nd, 6-4 (Groundball, 6, EV 86.9 MPH)
Robinson Cano to third
Batting: RHB Amed Rosario 0-0: Swinging Strike
0-1: Foul Ball, location: 2F
0-2: Ball
1-2: Ball
2-2: Foul Ball, location: 2F
2-2: Strikes out looking
Batting: LHB Brandon Nimmo 0-0: Called Strike
0-1: Ball
1-1: Called Strike
1-2: Strikes out swinging
Top of the 5th over - 0 runs, 1 hit, 0 errors, 2 left on base; New York 0 - New York 2
BOTTOM OF THE 5TH
New York Yankees batting - Pitching for New York Mets : RHP Marcus Stroman
Batting: SHB Aaron Hicks 0-0: Ball
1-0: Ball
2-0: Ground out U3 (Groundball, 34S, EV 82.5 MPH)
Batting: RHB Aaron Judge 0-0: Called Strike
0-1: Ball
1-1: SINGLE (Groundball, 6MD, EV 97.5 MPH)
Batting: RHB DJ LeMahieu 0-0: Foul Ball, location: 2F
0-1: Ball
1-1: Ground out U3 (Groundball, 34S, EV 70.0 MPH)
Aaron Judge to second
Batting: RHB Gleyber Torres 0-0: Called Strike
0-1: Ball
1-1: SINGLE (Groundball, 6MD, EV 107.5 MPH)
Aaron Judge to third
Runner from 3rd tries for Home, SAFE, throw by CF to home
Batting: RHB Giancarlo Stanton 0-0: Foul Ball, location: 2F
0-1: Called Strike
0-2: Ball
1-2: Strikes out swinging
Bottom of the 5th over - 1 run, 2 hits, 0 errors, 1 left on base; New York 0 - New York 3
TOP OF THE 6TH
New York Mets batting - Pitching for New York Yankees : RHP Gerrit Cole
Batting: LHB Michael Conforto 0-0: Called Strike
0-1: Called Strike
0-2: Ball
1-2: Fly out, F7 (Flyball, 7, EV 76.3 MPH)
Batting: RHB Pete Alonso 0-0: Ball
1-0: Called Strike
1-1: Swinging Strike
1-2: Fly out, F4 (Flyball, 34D, EV 83.1 MPH)
Batting: LHB Jeff McNeil 0-0: Swinging Strike
0-1: Ball
1-1: Called Strike
1-2: Ground out U3 (Groundball, 34, EV 90.6 MPH)
Top of the 6th over - 0 runs, 0 hits, 0 errors, 0 left on base; New York 0 - New York 3
BOTTOM OF THE 6TH
New York Yankees batting - Pitching for New York Mets : RHP Marcus Stroman
Batting: RHB Luke Voit 0-0: Ball
1-0: Ground out 6-3 (Groundball, 6M, EV 101.3 MPH)
Batting: RHB Gary Sanchez 0-0: Foul Ball, location: 2F
0-1: Ball
1-1: Foul Ball, location: 2F
1-2: Foul Ball, location: 2F
1-2: Ball
2-2: Strikes out swinging
Batting: LHB Mike Tauchman 0-0: Called Strike
0-1: Foul Ball, location: 2F
0-2: SOLO HOME RUN (Line Drive, 89XD, EV 98.1 MPH), Distance : 417 ft
Batting: RHB Gio Urshela 0-0: Ball
1-0: Foul Ball, location: 2F
1-1: Swinging Strike
1-2: Strikes out swinging
Bottom of the 6th over - 1 run, 1 hit, 0 errors, 0 left on base; New York 0 - New York 4
TOP OF THE 7TH
New York Mets batting - Pitching for New York Yankees : RHP Gerrit Cole
Batting: RHB Wilson Ramos 0-0: Called Strike
0-1: DOUBLE (Flyball, 78XD, EV 91.9 MPH)
Batting: LHB Robinson Cano 0-0: Fly out, F5 (Popup, 15S, EV 76.9 MPH)
Batting: RHB Jake Marisnick 0-0: Swinging Strike
0-1: Swinging Strike
0-2: Strikes out swinging
Batting: LHB Luis Guillorme 0-0: Ball
1-0: SINGLE (Line Drive, 34D, EV 110.0 MPH)
Wilson Ramos to third
Runner from 3rd tries for Home, SAFE, throw by RF to home
Luis Guillorme to second
Batting: RHB Amed Rosario 0-0: Ball
1-0: Ground out 5-3 (Groundball, 5S, EV 81.3 MPH)
Top of the 7th over - 1 run, 2 hits, 0 errors, 1 left on base; New York 1 - New York 4
BOTTOM OF THE 7TH
New York Yankees batting - Pitching for New York Mets : RHP Marcus Stroman
Batting: SHB Aaron Hicks 0-0: Ball
1-0: DOUBLE (Line Drive, 7LM, EV 102.5 MPH)
Pitching: RHP Jeurys Familia
Batting: RHB Aaron Judge 0-0: Ball
1-0: Ball
2-0: Ball
3-0: Base on Balls
Batting: RHB DJ LeMahieu 0-0: Ball
1-0: Foul Ball, location: 2F
1-1: Foul Ball, location: 2F
1-2: Grounds into double play, 6-4-3 (Groundball, 6, EV 100.6 MPH)
Aaron Hicks to third
Batting: RHB Gleyber Torres 0-0: Ball
1-0: Ball
2-0: Called Strike
2-1: SINGLE (Groundball, 6D, EV 95.0 MPH)
Aaron Hicks scores
Batting: RHB Giancarlo Stanton 0-0: Called Strike
0-1: Ball
1-1: Fly out, F9 (Flyball, 9, EV 96.9 MPH)
Bottom of the 7th over - 1 run, 2 hits, 0 errors, 1 left on base; New York 1 - New York 5
TOP OF THE 8TH
New York Mets batting - Pitching for New York Yankees : RHP Gerrit Cole
Pitching: RHP Chad Green
Batting: LHB Brandon Nimmo 0-0: Ball
1-0: Foul Ball, location: 2F
1-1: Ball
2-1: Called Strike
2-2: Foul Ball, location: 2F
2-2: Ball
3-2: SINGLE (Groundball, 34D, EV 103.1 MPH)
Batting: LHB Michael Conforto 0-0: Ball
1-0: Called Strike
1-1: Ball
2-1: Called Strike
2-2: Ball
3-2: Base on Balls
Brandon Nimmo to second
Batting: RHB Pete Alonso 0-0: Called Strike
0-1: Ball
1-1: Ball
2-1: Ball
3-1: Called Strike
3-2: Strikes out swinging
Batting: LHB Jeff McNeil 0-0: SINGLE (Line Drive, 9S, EV 90.6 MPH)
Brandon Nimmo to third
Michael Conforto to second
Runner from 3rd tries for Home, SAFE, throw by RF to home
Batting: RHB Wilson Ramos 0-0: Ball
1-0: Ball
2-0: Called Strike
2-1: Swinging Strike
2-2: Strikes out swinging
Batting: LHB Robinson Cano 0-0: Called Strike
0-1: Foul Ball, location: 2F
0-2: DOUBLE (Groundball, 3L, EV 100.6 MPH)
Michael Conforto scores
Jeff McNeil to third
Runner from 3rd tries for Home, SAFE, throw by RF to home
Pitching: LHP Zack Britton
Now at SS: Tyler Wade
Batting: RHB Jake Marisnick 0-0: Called Strike
0-1: Foul Ball, location: 2F
0-2: Ball
1-2: Ball
2-2: Fly out, F8 (Flyball, 8LD, EV 93.8 MPH)
Top of the 8th over - 3 runs, 3 hits, 0 errors, 1 left on base; New York 4 - New York 5
BOTTOM OF THE 8TH
New York Yankees batting - Pitching for New York Mets : RHP Jeurys Familia
Batting: RHB Luke Voit 0-0: Swinging Strike
0-1: Ball
1-1: Foul Ball, location: 2F
1-2: Strikes out swinging
Batting: RHB Gary Sanchez 0-0: Ground out 6-3 (Groundball, 56, EV 90.0 MPH)
Batting: LHB Mike Tauchman 0-0: Ball
1-0: Ball
2-0: Swinging Strike
2-1: Foul Ball, location: 2F
2-2: Foul Ball, location: 2F
2-2: Foul Ball, location: 2F
2-2: Ground out 2-3 (Groundball, 2L, EV 66.3 MPH)
Bottom of the 8th over - 0 runs, 0 hits, 0 errors, 0 left on base; New York 4 - New York 5
TOP OF THE 9TH
New York Mets batting - Pitching for New York Yankees : LHP Zack Britton
Pitching: LHP Aroldis Chapman
Pinch Hitting: RHB Yoenis Cespedes 0-0: Called Strike
0-1: Ball
1-1: SOLO HOME RUN (Flyball, 8LXD, EV 100.0 MPH), Distance : 446 ft
Batting: RHB Amed Rosario 0-0: Ball
1-0: Ball
2-0: Ball
3-0: Base on Balls
Batting: LHB Brandon Nimmo 0-0: Ball
1-0: Called Strike
1-1: Called Strike
1-2: Fly out, F8 (Line Drive, 8LD, EV 98.1 MPH)
Batting: LHB Michael Conforto 0-0: Ball
1-0: Called Strike
1-1: Ball
2-1: Ball
3-1: Called Strike
3-2: Strikes out looking
Batting: RHB Pete Alonso 0-0: DOUBLE (Line Drive, 8LD, EV 97.5 MPH)
Amed Rosario to third
Batting: LHB Jeff McNeil 0-0: Called Strike
0-1: Ball
1-1: Ball
2-1: Called Strike
2-2: Strikes out swinging
Top of the 9th over - 1 run, 2 hits, 0 errors, 2 left on base; New York 5 - New York 5
BOTTOM OF THE 9TH
New York Yankees batting - Pitching for New York Mets : RHP Jeurys Familia
Now at 2B: Jed Lowrie
Pinch Hitting: LHB Mike Ford 0-0: Ground out 1-3 (Groundball, 13S, EV 65.6 MPH)
Batting: SHB Aaron Hicks 0-0: Ball
1-0: Ball
2-0: Foul Ball, location: 2F
2-1: Foul Ball, location: 2F
2-2: Ball
3-2: Fly out, F9 (Flyball, 9LS, EV 90.0 MPH)
Pitching: RHP Dellin Betances
Batting: RHB Aaron Judge 0-0: Called Strike
0-1: Ball
1-1: Ball
2-1: Foul Ball, location: 2F
2-2: Foul Ball, location: 2F
2-2: Foul Ball, location: 2F
2-2: Strikes out looking
Bottom of the 9th over - 0 runs, 0 hits, 0 errors, 0 left on base; New York 5 - New York 5
TOP OF THE 10TH
New York Mets batting - Pitching for New York Yankees : LHP Aroldis Chapman
Pitching: RHP Adam Ottavino
Now at 3B: Miguel Andujar
Batting: RHB Wilson Ramos 0-0: Ball
1-0: Ball
2-0: Called Strike
2-1: SINGLE (Flyball, 9S, EV 85.6 MPH)
Batting: LHB Robinson Cano 0-0: Called Strike
0-1: Ground out 3-1 (Groundball, 34S, EV 79.4 MPH)
Wilson Ramos to second
Batting: RHB Jake Marisnick 0-0: Ball
1-0: Foul Ball, location: 2F
1-1: Swinging Strike
1-2: Foul Ball, location: 2F
1-2: Strikes out swinging
Batting: SHB Jed Lowrie 0-0: Ball
1-0: Fly out, F5 (Flyball, 56D, EV 78.8 MPH)
Top of the 10th over - 0 runs, 1 hit, 0 errors, 1 left on base; New York 5 - New York 5
BOTTOM OF THE 10TH
New York Yankees batting - Pitching for New York Mets : RHP Dellin Betances
Pitching: RHP Edwin Diaz
Batting: RHB DJ LeMahieu 0-0: Ball
1-0: Fly out, F8 (Flyball, 8RS, EV 88.1 MPH)
Batting: LHB Tyler Wade 0-0: Ball
1-0: Swinging Strike
1-1: Foul Ball, location: 2F
1-2: Ball
2-2: Foul Ball, location: 2F
2-2: Ball
3-2: SINGLE (Groundball, 34D, EV 108.8 MPH) (infield hit)
Batting: RHB Giancarlo Stanton 0-0: Ball
1-0: Ball
2-0: Ball
3-0: Base on Balls
Tyler Wade to second
Batting: RHB Luke Voit 0-0: Ball
1-0: SINGLE (Groundball, 34D, EV 101.3 MPH)
Tyler Wade to third
Giancarlo Stanton to second
Runner from 3rd tries for Home, SAFE, throw by RF to home
Bottom of the 10th over - 1 run, 2 hits, 0 errors, 0 left on base; New York 5 - New York 6
Monday, July 13th, 2020 - OOTP Baseball 21.4 Build 63